 Dungeon Crawl Stone Soup version 0.25-a0-591-g2ad0d861f1 (webtiles) character file.

Game seed: 1732852068965508529, levelgen mode: deterministic

244 Qirren the Chopper (level 5, -13/47 HPs)
             Began as a Minotaur Berserker on Mar 14, 2020.
             Was a Priest of Trog.
             Mangled by Menkaure (14 damage)
             ... on level 4 of the Dungeon.
             The game lasted 00:20:08 (3440 turns).

Qirren the Chopper (Minotaur Berserker)             Turns: 3440, Time: 00:20:09

Health: -13/47     AC: 12    Str: 22    XL:     5   Next: 83%
Magic:  4/4        EV:  5    Int:  4    God:    Trog [***...]
Gold:   195        SH:  7    Dex: 10    Spells: 4/4 levels left

rFire    . . .     SeeInvis +   d - +2 whip (freeze)
rCold    + . .     Gourm    .   q - +0 kite shield
rNeg     . . .     Faith    +   y - +2 chain mail {rC+}
rPois    .         Spirit   .   (helmet restricted)
rElec    .         Reflect  .   (no cloak)
rCorr    .         Harm     .   (no gloves)
MR       +....                  o - +0 pair of boots
Stlth    ..........             u - amulet of faith
HPRegen  0.15/turn              l - ring of protection from magic
MPRegen  0.09/turn              t - ring of see invisible

@: no status effects
A: retaliatory headbutt, horns 2
a: Berserk, Trog's Hand, Renounce Religion


You were on level 4 of the Dungeon.
You worshipped Trog.
Trog was most pleased with you.
You were not hungry.

You visited 1 branch of the dungeon, and saw 4 of its levels.

You collected 195 gold pieces.

Inventory:

Hand Weapons
 a - a +0 hand axe
 d - a +2 whip of freezing (weapon)
Missiles
 h - 79 stones
 p - 7 poisoned darts (quivered)
Armour
 b - a +0 animal skin
 o - a +0 pair of boots (worn)
 q - a +0 kite shield (worn)
 y - a +2 chain mail of cold resistance (worn)
Jewellery
 l - a ring of protection from magic (left hand)
 t - a ring of see invisible (right hand)
 u - an amulet of faith (around neck)
Wands
 n - a wand of enslavement (8)
Scrolls
 e - a scroll of immolation {unknown}
 f - a scroll of enchant weapon {unknown}
 i - 3 scrolls of blinking
 j - 2 scrolls of identify
 m - 4 scrolls of remove curse {unknown}
 v - a scroll of teleportation
Potions
 g - a potion of heal wounds
 k - a potion of berserk rage {unknown}
 r - a potion of curing {unknown}
 s - a potion of lignification {unknown}
 w - a potion of degeneration {unknown}
 x - a potion of stabbing {unknown}
Comestibles
 c - 3 rations


   Skills:
 + Level 4.4 Fighting
 * Level 6.1 Axes
 - Level 2.5 Throwing
 + Level 3.3 Armour
 - Level 2.1 Dodging
 + Level 0.3 Stealth
 + Level 0.4 Shields


You had 4 spell levels left.
You didn't know any spells.
Your spell library was empty.

Dungeon Overview and Level Annotations

Branches:
Dungeon (4/15)
 Temple: D:4-7

Altars:
Ashenzari
Cheibriados
Xom

Annotations:
D:4 Menkaure


Innate Abilities, Weirdness & Mutations

You reflexively headbutt those who attack you in melee.
You have a pair of horns on your head.


Message History

A hound comes into view.
Throwing (i - inventory. (/) - cycle)
p - 8 poisoned darts (quivered)
Press: ? - help, Shift-Dir - straight line, f/p - Menkaure
Aim: Menkaure (fast)
You throw a poisoned dart. The poisoned dart hits Menkaure.
The hound barks!
You closely miss Menkaure. Menkaure hits you!!
You hit Menkaure. You freeze Menkaure. You headbutt Menkaure!
Menkaure is heavily damaged.
Menkaure hits you!
* * * LOW HITPOINT WARNING * * *
You hit Menkaure but do no damage. You headbutt Menkaure!
Menkaure is almost destroyed.
Menkaure hits you!
* * * LOW HITPOINT WARNING * * *
The hound bites you but does no damage.
You hit Menkaure.
Menkaure is almost destroyed.
Menkaure hits you!
You die...

...(. #.#.#
#.#(# ..$# #
#..# ###.##..#
#.......#
#.$..M######
####ah@....#
#..####.# #..#
#.# ....# #.#
###..# #.####
#..# #....#
#..# ####.#
#..# #[#
....#######.##


You could see Menkaure, a hound and a worker ant.

Vanquished Creatures
  A centaur (D:2)
  Terence (D:3)
  2 adders
  3 gnolls (D:3)
  A worm (D:2)
  2 dart slugs
  2 leopard geckos (D:2)
  4 orcs (D:3)
  2 ball pythons
  9 giant cockroaches
  7 goblins
  6 hobgoblins
  4 jackals
  9 kobolds
  A quokka (D:3)
  8 bats
  A frilled lizard (D:1)
  7 rats
70 creatures vanquished.

Notes
Turn   | Place    | Note
-------+----------+-------------------------------------------
     0 | D:1      | Qirren the Minotaur Berserker began the quest for the Orb.
     0 | D:1      | Reached XP level 1. HP: 19/19 MP: 0/0
   141 | D:1      | Reached skill level 4 in Axes
   206 | D:1      | Reached XP level 2. HP: 10/27 MP: 1/1
  1023 | D:2      | Reached XP level 3. HP: 31/33 MP: 2/2
  1077 | D:2      | Reached ** piety under Trog
  1096 | D:2      | Noticed a centaur
  1113 | D:2      | Killed a centaur
  1113 | D:2      | Reached skill level 5 in Axes
  1113 | D:2      | Reached skill level 1 in Throwing
  1113 | D:2      | Reached XP level 4. HP: 4/40 MP: 3/3
  1529 | D:2      | Found a shimmering altar of Xom.
  1744 | D:2      | Reached XP level 5. HP: 46/46 MP: 4/4
  2396 | D:3      | Found a snail-covered altar of Cheibriados.
  2406 | D:3      | Noticed Terence
  2443 | D:3      | Killed Terence
  2502 | D:3      | Reached *** piety under Trog
  2564 | D:3      | Found a shattered altar of Ashenzari.
  2613 | D:3      | Reached skill level 6 in Axes
  3429 | D:4      | Noticed Menkaure
  3439 | D:4      | HP: 1/47 [Menkaure (12)]
  3440 | D:4      | Mangled by Menkaure

Levels and vault maps discovered:
D:1:      lemuel_arrival_broad_hall, layout_basic
D:2:      layout_loops_ring, xom_butterflies, first_ration, minmay_pentomino_s4
D:3:      layout_basic, cheibriados_altar_1, marbit_many_paths, uniq_terence
D:4:      layout_loops_ring, tgw_sif, old_standard_altar, uniq_edmund,
          uniq_eustachio, uniq_menkaure

Skill      XL: |  1  2  3  4  5 |
---------------+----------------+-----
Axes           | 4 5 6 |  6.1
Fighting       | 4 |  4.4
Throwing       | 1 2 |  2.5
Armour         | 3 |  3.3
Dodging        | |  2.1
Stealth        | |  0.3
Shields        | |  0.4

Action                   |  1- 3 |  4- 6 || total
-------------------------+-------+-------++-------
Melee: Hand axe          |    59 |    69 ||   128
       Headbutt          |     8 |    11 ||    19
       Whip              |       |     4 ||     4
Throw: Stone             |    41 |    19 ||    60
       Dart              |       |    44 ||    44
Invok: Berserk           |     1 |       ||     1
  Use: Scroll            |     1 |     2 ||     3
  Eat: Ration            |     2 |     1 ||     3
Armor: Ring mail         |    29 |    21 ||    50
       Animal skin       |     1 |       ||     1
       Chain mail        |       |     1 ||     1
Dodge: Dodged            |    55 |    18 ||    73
Block: Kite shield       |       |    25 ||    25

Table legend:
 A = Non-vault XP
 B = Vault XP
 C = Vault XP percentage of total XP
 D = Non-vault monster count
 E = Vault monster count
 F = Vault count percentage of total count
                 A         B        C        D         E       F
            +---------+---------+-------+---------+---------+-------
      Total |     302 |      47 |  13.5 |      65 |       5 |   7.1
            +---------+---------+-------+---------+---------+-------
        D:1 |      29 |       0 |   0.0 |      18 |       0 |   0.0
        D:2 |     173 |       9 |   4.9 |      23 |       3 |  11.5
        D:3 |     100 |      38 |  27.5 |      24 |       2 |   7.7
            +---------+---------+-------+---------+---------+-------
